AoeStats
← Inferno-_-

Arena

509337454Analyzed
4v4 RM · 5d ago on Sep 26, 2026· 58m 9s· 8 players
Game mode
Random Map
Map size
Large (8 player)
Population
200
Speed
Normal
Resources
Standard
Victory
Conquest
Starting age
Dark Age
Ending age
Imperial Age
RankedLock teamsTeams togetherTeam positionsShared explorationLock speedFull tech treeHidden civsTurbo modeCheats
Victory
Defeat
🇩🇰 Cumans · Denmark
1065
+14
🇷🇪 Teutons · Réunion
1034
+16
🇫🇷 Romans · France
1034
+16
🇪🇸 Khmer · Spain
1018
+16
🇺🇸 Burgundians · United States
1072
-17
🇨🇳 Huns · China
1028
-16
🇦🇷 Franks · Argentina
1007
-15
🇹🇼 Mongols · Taiwan
997
-14
Bertinos
11:30 Feudal Age
14:11 Castle Age
12:08 Double-Bit Axe
21:20 Bow Saw
24:27 Wheelbarrow
24:23 Horse Collar
30:42 Imperial Age
29:52 Fletching
30:03 Padded Archer Armor
30:10 Scale Barding Armor
30:38 Husbandry
30:51 Bloodlines
30:03 Light Cavalry
31:27 Ballistics
31:11 Gold Mining
32:09 Conscription
33:25 Heavy Scorpion
37:56 Hussar
42:07 Chemistry
43:11 Double Crossbow
54:33 Spies/Treason
Raven2200
10:41 Feudal Age
16:49 Castle Age
16:58 Double-Bit Axe
17:30 Fletching
21:38 Bodkin Arrow
21:40 Horse Collar
26:57 Bow Saw
28:42 Capped Ram
36:56 Imperial Age
34:15 Loom
35:08 Wheelbarrow
36:38 Bloodlines
37:53 Fervor
38:17 Padded Archer Armor
38:56 Hand Cart
39:32 Sanctity
43:39 Cavalier
44:59 Scale Barding Armor
45:05 Forging
45:06 Paladin
46:14 Chain Barding Armor
50:40 Plate Barding Armor
50:42 Iron Casting
The punisher 69
2:33 Loom
12:49 Feudal Age
14:02 Double-Bit Axe
14:32 Horse Collar
18:11 Wheelbarrow
17:21 Town Watch
20:58 Castle Age
18:32 Man-at-Arms
19:05 Gold Mining
20:02 Stone Mining
20:26 Forging
20:17 Scale Mail Armor
21:23 Pikeman
22:05 Squires
23:53 Iron Casting
25:15 Bow Saw
25:08 Heavy Plow
26:09 Chain Mail Armor
27:36 Gold Shaft Mining
28:18 Hand Cart
30:26 Ballistics
33:33 Imperial Age
32:26 Caravan
32:17 Long Swordsman
33:37 Halberdier
34:45 Conscription
36:36 Chemistry
36:51 Crop Rotation
37:56 Siege Engineers
38:09 Heavy Scorpion
40:14 Blast Furnace
40:11 Ballistas
55:34 Spies/Treason
raphael-974-
10:15 Feudal Age
10:19 Loom
10:47 Double-Bit Axe
10:43 Horse Collar
11:45 Wheelbarrow
15:41 Man-at-Arms
17:02 Forging
16:43 Arson
17:36 Scale Mail Armor
22:26 Castle Age
23:23 Bow Saw
23:20 Heavy Plow
22:49 Pikeman
23:30 Squires
24:43 Chain Mail Armor
26:16 Iron Casting
29:12 Hand Cart
28:45 Town Watch
32:34 Stone Mining
32:36 Gold Mining
40:35 Imperial Age
39:11 Ironclad
40:13 Caravan
42:47 Two-Man Saw
42:32 Crop Rotation
42:26 Conscription
41:32 Halberdier
42:53 Plate Mail Armor
42:01 Capped Ram
56:28 Blast Furnace
57:12 Guilds
57:22 Spies/Treason
lady_schmady
11:50 Feudal Age
16:37 Castle Age
15:56 Double-Bit Axe
15:52 Horse Collar
18:53 Scale Barding Armor
21:10 Forging
22:48 Wheelbarrow
27:43 Imperial Age
25:21 Cavalier
26:25 Chain Barding Armor
27:15 Iron Casting
27:31 Husbandry
27:31 Loom
28:05 Elite Skirmisher
31:09 Padded Archer Armor
34:40 Imperial Age
32:29 Fletching
35:26 Paladin
35:36 Capped Ram
36:54 Burgundian Vineyards
45:01 Plate Barding Armor
49:12 Pikeman
Black Kite
10:30 Feudal Age
15:21 Castle Age
14:11 Horse Collar
14:18 Double-Bit Axe
27:28 Town Watch
28:38 Nomads
31:32 Wheelbarrow
30:42 Loom
32:13 Town Patrol
34:59 Hand Cart
36:42 Bow Saw
36:51 Husbandry
37:28 Bloodlines
38:54 Fletching
39:04 Padded Archer Armor
42:10 Imperial Age
39:22 Light Cavalry
41:24 Bodkin Arrow
42:12 Leather Archer Armor
43:18 Heavy Cavalry Archer
44:36 Parthian Tactics
45:24 Bracer
45:35 Forging
45:32 Scale Barding Armor
46:00 Thumb Ring
46:17 Ballistics
46:58 Chemistry
45:39 Hussar
49:33 Iron Casting
49:19 Chain Barding Armor
Inferno-_-
12:26 Feudal Age
12:45 Loom
17:04 Castle Age
16:58 Loom
25:12 Double-Bit Axe
27:09 Scale Barding Armor
27:15 Forging
30:35 Imperial Age
30:02 Wheelbarrow
29:26 Gold Mining
29:47 Bow Saw
30:56 Gold Shaft Mining
32:16 Chain Barding Armor
31:21 Cavalier
33:12 Chemistry
33:20 Hand Cart
33:42 Plate Barding Armor
37:40 Stone Mining
37:54 Pikeman
39:13 Squires
39:47 Halberdier
40:52 Paladin
43:41 Conscription
44:35 Caravan
45:29 Chivalry
50:31 Iron Casting
49:57 Scale Mail Armor
hold up
0:34 Loom
12:37 Feudal Age
18:19 Castle Age
16:26 Double-Bit Axe
16:35 Horse Collar
17:43 Stone Mining
17:47 Gold Mining
19:48 Heavy Plow
21:18 Bow Saw
21:48 Wheelbarrow
22:03 Gold Shaft Mining
25:34 Fletching
27:01 Ballistics
26:11 Pikeman
27:08 Murder Holes
30:59 Imperial Age
29:09 Scale Mail Armor
29:33 Bodkin Arrow
Connection lost

Rejoining the realm…

Still unreachable

The connection could not be restored.

Session expired

The server has moved on; the page needs a fresh start.